 Dungeon Crawl Stone Soup version 0.29.1-2-gbd0b4ee654 (webtiles) character file.

Game seed: 8535940323802344010

46 eriqlaplus the Gusty (level 3, 0/19 HPs)
             Began as a Tengu Air Elementalist on Oct 30, 2022.
             Was an Initiate of Sif Muna.
             Slain by an adder (1 damage)
             ... on level 3 of the Dungeon.
             The game lasted 00:13:52 (2053 turns).

eriqlaplus the Gusty (Tengu Air Elementalist)       Turns: 2053, Time: 00:13:52

Health: 0/19       AC:  2    Str:  8    XL:     3   Next: 68%
Magic:  4/7        EV: 12    Int: 23    God:    Sif Muna [......]
Gold:   124        SH:  0    Dex: 14    Spells: 6/7 levels left

rFire   . . .      SeeInvis .   d - +0 flail
rCold   . . .      Faith    .   (no shield)
rNeg    . . .      Spirit   .   a - +0 robe
rPois   .          Reflect  .   (helmet restricted)
rElec   .          Harm     .   (no cloak)
rCorr   .          Rampage  .   (no gloves)
Will    .....                   (boots unavailable)
Stlth   ++........              (no amulet)
HPRegen 0.06/turn               e - ring of wizardry
MPRegen 0.10/turn               i - +6 ring of intelligence

@: no status effects
A: beak, talons 3
a: Renounce Religion


You were on level 3 of the Dungeon.
You worshipped Sif Muna.
Sif Muna was noncommittal.
You visited 1 branch of the dungeon, and saw 3 of its levels.

You collected 124 gold pieces.

Inventory:

Hand Weapons
 d - a +0 flail (weapon)
Armour
 a - a +0 robe (worn)
 o - a +0 pair of boots
Jewellery
 e - a ring of wizardry (left hand)
 i - a +6 ring of intelligence (right hand)
Wands
 j - a wand of roots (3)
 t - a wand of flame (24)
Scrolls
 f - a scroll of enchant armour {unknown}
 h - a scroll of immolation {unknown}
 l - a scroll of magic mapping {unknown}
 n - a scroll of teleportation {unknown}
 q - a scroll of identify {unknown}
Potions
 b - a potion of magic
 c - a potion of ambrosia {unknown}
 g - a potion of attraction {unknown}
 k - a potion of curing {unknown}
 m - a potion of haste {unknown}
 p - a potion of degeneration {unknown}
 r - a potion of berserk rage {unknown}
 s - a potion of flight {unknown}


   Skills:
 + Level 2.5 Dodging
 + Level 2.3 Stealth
 + Level 2.5 Spellcasting
 + Level 1.7 Conjurations
 + Level 4.9 Air Magic


You had 6 spell levels left.
You knew the following spells:

 Your Spells              Type           Power      Damage    Failure   Level
a - Shock                 Conj/Air       72%        1d7       1%          1

Your spell library contained the following spells:

 Spells                   Type           Power      Damage    Failure   Level
 Static Discharge         Conj/Air       18%        3-6/arc   1%          2
 Swiftness                Air            25%        N/A       1%          3
 Airstrike                Air            12%        2d(2-18)  6%          4


Dungeon Overview and Level Annotations

Branches:
Dungeon (3/15)

Altars:
Sif Muna

Shops:
D:1 (


Innate Abilities, Weirdness & Mutations

You have a beak for a mouth.
You have claws for feet.


Message History

The zap misses the frilled lizard.
You hit the frilled lizard but do no damage.
Your kick misses the frilled lizard. Your peck misses the frilled lizard.
The frilled lizard bites you but does no damage. x2
You closely miss the adder. The adder closely misses you.
The adder barely misses you. The frilled lizard barely misses you.
You miss the adder. The adder bites you but does no damage.
The frilled lizard bites you. The adder closely misses you.
You barely miss the adder. The adder closely misses you.
The frilled lizard barely misses you. The adder closely misses you.
The frilled lizard bites you but does no damage.
You hit the adder but do no damage. You claw the adder.
The adder is moderately wounded.
The adder bites you.
You are poisoned.
The adder poisons you! The frilled lizard barely misses you.
The adder completely misses you.
You closely miss the adder. Your kick misses the adder. You peck the adder.
The adder is heavily wounded.
You feel sick. The frilled lizard barely misses you. The adder misses you.
The frilled lizard bites you.
You barely miss the frilled lizard.
You feel sick. The adder misses you. The adder bites you.
The frilled lizard bites you.
You miss the frilled lizard.
You feel sick.
You are no longer poisoned.
The adder closely misses you. The frilled lizard bites you.
* * * LOW HITPOINT WARNING * * *
The adder closely misses you.
You hit the frilled lizard.
You kill the frilled lizard!
Sif Muna accepts your kill. The adder bites you.
* * * LOW HITPOINT WARNING * * *
The adder bites you.
* * * LOW HITPOINT WARNING * * *
You barely miss the adder. Your kick misses the adder.
Your peck misses the adder.
The adder is heavily wounded.
The adder bites you.
You die...

#.........###~..~ ##.
#.####.#.#...#~~# #
..###.####.#.#.⌠.#≈≈#
.. ............#...#≈≈#
#.##).######....###≈≈≈≈
...†)# #.#....≈≈≈≈≈
#)..######......≈≈≈≈≈
#S..........###~ ≈≈
##@.##.###.#...#
#.###.....#.⌠.# ...#
#####.# ..# ##### . ~ .


You could see an adder.

Vanquished Creatures
  3 orcs (D:3)
  8 ball pythons
  5 bats
  4 endoplasms
  A giant cockroach (D:3)
  3 goblins
  3 hobgoblins
  6 kobolds
  3 frilled lizards
  3 rats
39 creatures vanquished.

Notes
Turn   | Place    | Note
-------+----------+-------------------------------------------
     0 | D:1      | eriqlaplus the Tengu Air Elementalist began the quest for
                  | the Orb.
     0 | D:1      | Reached XP level 1. HP: 10/10 MP: 4/4
   352 | D:1      | Reached XP level 2. HP: 15/15 MP: 1/6
   432 | D:1      | Found Feagetai's Antique Weapon Boutique.
  1087 | D:2      | Found a faded altar of an unknown god.
  1092 | D:2      | Reached XP level 3. HP: 18/19 MP: 1/7
  1204 | D:2      | Found a shimmering blue altar of Sif Muna.
  1221 | D:2      | Became a worshipper of Sif Muna the Loreminder
  2053 | D:3      | Slain by an adder

Illustrated notes

Levels and vault maps discovered:
D:1:      psy_arrival_spokes, layout_rooms, serial_shops, nicolae_diamond_shop
D:2:      layout_basic, hellmonk_ecumenical_altar_arch_garden, basic_altar,
          minmay_vboxes
D:3:      minmay_angry_zag, layout_rooms, fountainhead,
          kennysheep_generic_room_7

Action                   || total
-------------------------++-------
Melee: Flail             ||    21
       Kick              ||     4
       Peck              ||     3
 Cast: Shock             ||    52
Evoke: Wand              ||     6
Armor: Robe              ||    13
Dodge: Dodged            ||    31
